AoeStats
← Rodrigo Lao Tse

Arabia

509224447Analyzed
1v1 RM · 6d ago on Sep 26, 2026· 44m 56s· 2 players
Game mode
Random Map
Map size
Tiny (2 player)
Population
200
Speed
Normal
Resources
Standard
Victory
Conquest
Starting age
Dark Age
Ending age
Imperial Age
RankedLock teamsTeams togetherTeam positionsShared explorationLock speedFull tech treeHidden civsTurbo modeCheats
Victory
Defeat
🇨🇱 Varangians · Chile
933
+13
🇨🇱 Britons · Chile
875
-13
Rodrigo Lao Tse
9:23 Feudal Age
10:10 Double-Bit Axe
14:17 Loom
17:49 Wheelbarrow
21:02 Castle Age
21:26 Wheelbarrow
22:24 Pikeman
23:07 Squires
26:04 Stone Mining
26:31 Bow Saw
28:18 Hand Cart
27:52 Town Watch
31:40 Horse Collar
36:19 Gold Mining
38:46 Fletching
38:57 Padded Archer Armor
39:51 Bodkin Arrow
40:44 Ballistics
40:18 Crossbowman
41:41 Leather Archer Armor
CumMangu_
7:11 Loom
9:34 Feudal Age
10:31 Double-Bit Axe
12:39 Bloodlines
12:57 Horse Collar
23:32 Castle Age
23:13 Scale Barding Armor
24:52 Husbandry
25:16 Bow Saw
26:37 Chain Barding Armor
32:22 Heavy Plow
33:13 Wheelbarrow
33:01 Gold Mining
33:34 Forging
36:18 Iron Casting
40:22 Imperial Age
38:42 Vendel Legacy
41:51 Plate Barding Armor
41:42 Hand Cart
41:53 Conscription
42:09 Cavalier
44:21 Ballistics
46:17 Blast Furnace
Connection lost

Rejoining the realm…

Still unreachable

The connection could not be restored.

Session expired

The server has moved on; the page needs a fresh start.